 Seeded DCSS version 0.30-a0-149-g7f746667c4 (webtiles) character file.

Game seed: 3044142121954287085 (custom seed)

513 purpskrrrp the Poker (level 7, 0/55 HPs)
             Began as a Formicid Berserker on Sept 26, 2022.
             Was a Priest of Trog.
             Slain by Menkaure (14 damage)
             ... on level 4 of the Dungeon.
             The game lasted 00:09:05 (4119 turns).

purpskrrrp the Poker (Formicid Berserker)           Turns: 4119, Time: 00:09:06

Health: 0/55       AC: 10    Str: 24    XL:     7   Next: 43%
Magic:  7/7        EV: 11    Int:  6    God:    Trog [***...]
Gold:   258        SH:  7    Dex: 13    Spells: 6/6 levels left

rFire   + . .      SeeInvis +    a - +0 spear (protect)
rCold   . . .      Faith    .    h - +0 kite shield
rNeg    . . .      Spirit   .    b - +0 animal skin
rPois   .          Reflect  .    (helmet unavailable)
rElec   .          Harm     .    (no cloak)
rCorr   .          Rampage  .    g - +0 pair of gloves {hurl}
Will    ++...      Clarity  +    (no boots)
Stlth   +.........               (no amulet)
HPRegen 1.18/turn                n - ring of flight
MPRegen 0.10/turn                m - ring of fire

@: strong-willed, under a protective aura, flying, regenerating
A: permanent stasis, dig shafts and tunnels, antennae 3, four strong arms,
clarity, cold resistance 1
a: Dig, Shaft Self, Renounce Religion, Trog's Hand


You were on level 4 of the Dungeon.
You worshipped Trog.
Trog was most pleased with you.
You visited 1 branch of the dungeon, and saw 4 of its levels.
You also visited: Sewer.

You collected 258 gold pieces.

Inventory:

Hand Weapons
 a - a +0 spear of protection (weapon)
Armour
 b - a +0 animal skin (worn)
 g - a +0 pair of gloves of hurling (worn)
 h - a +0 kite shield (worn)
Jewellery
 m - a ring of fire (right hand)
 n - a ring of flight (left hand)
Scrolls
 c - 7 scrolls of teleportation
Potions
 d - 2 potions of cancellation {unknown}
 e - 6 potions of flight
 f - a potion of ambrosia {unknown}
 k - a potion of curing
 l - a potion of attraction


   Skills:
 + Level 4.5 Fighting
 * Level 5.1 Polearms
 * Level 5.1 Armour
 + Level 3.3 Dodging


You had 6 spell levels left.
You didn't know any spells.
Your spell library was empty.

Dungeon Overview and Level Annotations

Branches:
Dungeon (4/15)              Sewer (visited)
 Temple: D:4-7

Altars:
Fedhas
Kikubaaqudgha
Nemelex Xobeh
Uskayaw

Shops:
D:3 (   D:4 (

Annotations:
D:4 Menkaure


Innate Abilities, Weirdness & Mutations

You cannot be hasted, slowed, berserked, paralysed or teleported.
You can dig through walls and to a lower floor.
You have a pair of large antennae on your head. (SInv)
Your four strong arms can wield two-handed weapons with a shield.
You possess an exceptional clarity of mind.
Your flesh is cold resistant. (rC+)


Message History

Menkaure, Prince of Dust comes into view.
Menkaure is nearby!
Menkaure is nearby!
Menkaure is nearby!
Okay, then.
Okay, then.
Okay, then.
Menkaure shouts!
Menkaure gestures wildly while chanting.
Menkaure seems to speed up.
Your skin crawls.
You feel strong-willed.
Menkaure calls on the powers of darkness!
Your body is wracked with pain!
You feel better. You block Menkaure's attack.
You barely miss Menkaure.
Menkaure calls on the powers of darkness!
Your body is wracked with pain!
You hit Menkaure.
Your weapon exudes an aura of protection.
Menkaure is lightly damaged.
Menkaure barely misses you.
You hit Menkaure.
Menkaure is moderately damaged.
Menkaure closely misses you.
You hit Menkaure but do no damage.
Menkaure is moderately damaged.
Menkaure calls on the powers of darkness!
Your body is wracked with pain!
* * * LOW HITPOINT WARNING * * *
You block Menkaure's attack.
You hit Menkaure but do no damage.
Menkaure is moderately damaged.
Menkaure hits you.
* * * LOW HITPOINT WARNING * * *
Are you sure you want to shaft yourself?
Menkaure barely misses you.
You begin to dig a shaft.
You continue digging a shaft.
Menkaure hits you!
You die...

#....##.# #....##.#
#....##.#
#######....##.#
#.....#.....#.#
#.._..#.....#.#
#...##.....#'## .
#..M.#....†...###...
#..@.#..............
####.#.###....###...
#.#........# .
#.#####....#
#..........#
#######....# #....#
#....# #....#


You could see Menkaure (fast).

Vanquished Creatures
  Blork the orc (D:4)
  2 hounds
  Jessica (D:3)
  2 iguanas (D:4)
  Robin (D:4)
  11 adders
  6 river rats
  7 worms
  4 orcs (D:3)
  12 ball pythons
  11 bats
  6 endoplasms
  3 giant cockroaches
  8 hobgoblins
  5 jackals
  4 quokkas
  2 frilled lizards
  12 goblins
  6 kobolds
  11 rats
115 creatures vanquished.

Vanquished Creatures (collateral kills)
  2 adders (Sewer)
2 creatures vanquished.

Grand Total: 117 creatures vanquished

Notes
Turn   | Place    | Note
-------+----------+-------------------------------------------
     0 | D:1      | purpskrrrp the Formicid Berserker began the quest for the
                  | Orb.
     0 | D:1      | Reached XP level 1. HP: 18/18 MP: 1/1
    47 | D:1      | Reached XP level 2. HP: 24/24 MP: 2/2
   417 | D:1      | Reached XP level 3. HP: 29/29 MP: 3/3
   514 | D:2      | Reached ** piety under Trog
   700 | D:2      | Found a blossoming altar of Fedhas.
   870 | D:2      | Found a faded altar of an unknown god.
  1341 | D:2      | Reached XP level 4. HP: 22/37 MP: 4/4
  1639 | D:3      | Found Rarpheph's Antique Weapon Shoppe.
  1951 | D:3      | Noticed Jessica
  1959 | D:3      | Killed Jessica
  1960 | D:3      | Reached XP level 5. HP: 42/42 MP: 5/5
  2170 | D:4      | Noticed Blork the orc
  2186 | D:4      | Killed Blork the orc
  2187 | D:4      | Reached XP level 6. HP: 13/48 MP: 6/6
  2190 | D:4      | Found a hide-covered altar of Uskayaw.
  2383 | D:4      | Found a glowing drain.
  2391 | Sewer    | Entered a sewer
  2634 | Sewer    | Reached *** piety under Trog
  2931 | Sewer    | Reached XP level 7. HP: 41/55 MP: 7/7
  3226 | Sewer    | Gained mutation: Your flesh is cold resistant. (rC+)
                  | [potion of mutation]
  3226 | Sewer    | Gained mutation: You possess an exceptional clarity of
                  | mind. [potion of mutation]
  3632 | D:4      | Reached skill level 5 in Polearms
  3638 | D:4      | Reached skill level 5 in Armour
  3715 | D:4      | Noticed Robin
  3739 | D:4      | Killed Robin
  3800 | D:4      | Found an ancient bone altar of Kikubaaqudgha.
  3894 | D:4      | Found Buimmak's Antique Weapon Boutique.
  4106 | D:4      | Found a sparkling altar of Nemelex Xobeh.
  4107 | D:4      | Noticed Menkaure
  4119 | D:4      | Slain by Menkaure

Illustrated notes

Levels and vault maps discovered:
D:1:      amcnicky_arrival_flooded_fountain, layout_rooms
D:2:      layout_loops_ring, hellmonk_ecumenical_altar_slurped_away,
          basic_altar, dk_noncrumbling_2
D:3:      layout_rooms, serial_shops, nicolae_shop_statue_plus, uniq_jessica
D:4:      layout_basic, mainiacjoe_overflow_24_doors,
          mainiacjoe_overflow_alcove_1, mainiacjoe_overflow_alcove_2,
          lightli_sewer_entry_pipes, serial_shops, nicolae_shop_trees,
          minmay_shop_damaged, roderic_st_hans_cross, uniq_menkaure, uniq_robin,
          uniq_blork_the_orc

Skill      XL: |  1  2  3  4  5  6  7 |
---------------+----------------------+-----
Dodging        | 2 3 |  3.3
Armour         | 3 4 5 |  5.1
Polearms       | 4 5 |  5.1
Fighting       | 4 |  4.5

Action                   |  1- 3 |  4- 6 |  7- 9 || total
-------------------------+-------+-------+-------++-------
Melee: Spear             |   122 |   243 |   137 ||   502
       Punch             |       |     3 |     3 ||     6
Invok: Trog's Hand       |       |     4 |     1 ||     5
 Abil: Dig               |       |     2 |       ||     2
       Shaft Self        |       |       |     1 ||     1
  Use: Scroll            |       |    11 |     3 ||    14
       Potion            |       |     4 |     2 ||     6
 Stab: Sleeping          |     1 |     1 |     3 ||     5
Armor: Animal skin       |    22 |   131 |    38 ||   191
Dodge: Dodged            |    62 |   175 |    67 ||   304
Block: Kite shield       |       |       |     3 ||     3

Table legend: (Time is in decaauts)
 A = Elapsed time spent in this place.
 B = Non-inter-level travel time spent in this place.
 C = Inter-level travel time spent in this place.
 D = Time resting spent in this place.
 E = Time spent auto-exploring this place.
 F = Levels seen in this place.
 G = Mean time per level.
                   A        B        C        D        E       F      G
               +--------+--------+--------+--------+--------+-----+--------+
         Total |   4064 |   3936 |    128 |    174 |   2772 |   5 |  812.8 |
       Dungeon |   3183 |   3055 |    128 |      0 |   2338 |   4 |  795.8 |
         Sewer |    881 |    881 |      0 |    174 |    434 |   1 |  881.0 |
               +--------+--------+--------+--------+--------+-----+--------+

Top non-repeatable levels by time:
     D:4: 1095 daAuts
     D:2: 1094 daAuts
   Sewer: 881 daAuts
     D:3: 505 daAuts
     D:1: 488 daAuts
